 Dungeon Crawl Stone Soup version 0.30.0-19-g36f170ea60 (webtiles) character file.

Game seed: 10347578332119173750

25 bmack86 the Chopper (level 2, 0/26 HPs)
             Began as a Minotaur Fighter on May 29, 2023.
             Succumbed to an orc's poison
             ... on level 2 of the Dungeon.
             The game lasted 00:02:42 (973 turns).

bmack86 the Chopper (Minotaur Fighter)               Turns: 973, Time: 00:02:43

Health: 0/26       AC: 10    Str: 20    XL:     2   Next: 82%
Magic:  1/1        EV:  9    Int:  5    God:
Gold:   81         SH:  0    Dex:  9    Spells: 1/1 levels left

rFire   . . .        a - +0 war axe
rCold   . . .        c - +0 buckler
rNeg    . . .        b - +0 scale mail
rPois   .            (helmet restricted)
rElec   .            (no cloak)
rCorr   .            (no gloves)
SInv    .            (no boots)
Will    .....        (no amulet) Stlth
                     h - +4 ring of protection
HPRegen 0.24/turn    (no ring)
MPRegen 0.07/turn

%: no passive effects
@: confused, lethally poisoned (0 -> -2)
A: horns 2, retaliatory headbutt
a: no special abilities


You were on level 2 of the Dungeon.
You visited 1 branch of the dungeon, and saw 2 of its levels.

You collected 156 gold pieces.
You spent 75 gold pieces at shops.

Inventory:

Hand Weapons
 a - a +0 war axe (weapon)
Armour
 b - a +0 scale mail (worn)
 c - a +0 buckler (worn)
Jewellery
 h - a +4 ring of protection (left hand)
Scrolls
 e - a scroll of amnesia {unknown}
 f - a scroll of identify {unknown}
 g - a scroll of teleportation {unknown}
Potions
 d - a potion of might


   Skills:
 - Level 3.6 Fighting
 + Level 4.2 Axes
 - Level 3.6 Armour
 - Level 3.6 Shields


You had one spell level left.
You didn't know any spells.
Your spell library contained the following spells:

 Spells                   Type           Power      Damage    Failure   Level
 Cigotuvi's Dreadful Rot  Necr/Pois/Air  0%         N/A       95%         2
 Dispel Undead            Necr           0%         3d6       100%        4
 Death Channel            Necr           0%         N/A       100%        6


Dungeon Overview and Level Annotations

Branches:
Dungeon (2/15)

Altars:
Fedhas

Shops:
D:1 =*!


Innate Abilities, Weirdness & Mutations

You have a pair of horns on your head.
You reflexively headbutt those who attack you in melee.


Message History

The orc hits you with a +0 flail of venom.
You are poisoned.
The orc wizard completely misses you.
You hit the orc.
The orc is heavily wounded.
You barely miss the orc wizard.
You hit the orc wizard but do no damage.
You feel very sick.
The orc wizard hits you with a +0 dagger.
You block the orc's attack. The orc wizard casts a spell at you.
The puff of flame hits you but does no damage.
You closely miss the orc wizard. You hit the orc.
You hit the orc wizard but do no damage.
You feel sick.
The orc wizard hits you with a +0 dagger.
* * * LOW HITPOINT WARNING * * *
The orc hits you but does no damage. The orc wizard closely misses you.
The orc wizard hits you with a +0 dagger.
* * * LOW HITPOINT WARNING * * *
You block the orc's attack. The orc wizard casts a spell at you.
You are confused.
You hit the orc wizard.
The orc wizard is lightly wounded.
You closely miss the orc. You miss the orc wizard.
* * * LOW HITPOINT WARNING * * *
You feel sick.
The orc wizard hits you but does no damage.
The orc barely misses you. The orc wizard closely misses you.
You miss the orc wizard. Your headbutt misses the orc wizard. You hit the orc.
You kill the orc!
You completely miss the orc wizard.
* * * LOW HITPOINT WARNING * * *
You feel sick.
The orc wizard hits you with a +0 dagger.
* * * LOW HITPOINT WARNING * * *
The orc wizard hits you but does no damage.
Okay, then.
You die...

#.#####.###...##....##.#
#..............#.+
#..............###
#.......^......###
#...............##
#...............##
#................#
#.o............#.#
#@o............#.'
#..............###
#.############## # ....
....$# ......# ##
......# #. ......# #. ..


You could see 2 orc wizards.

Vanquished Creatures
  2 dart slugs (D:2)
  An orc (D:2)
  3 ball pythons (D:1)
  2 bats (D:2)
  4 endoplasms
  A giant cockroach (D:1)
  A quokka (D:1)
  A frilled lizard (D:1)
  4 rats
19 creatures vanquished.

Notes
Turn   | Place    | Note
-------+----------+-------------------------------------------
     0 | D:1      | bmack86 the Minotaur Fighter began the quest for the Orb.
     0 | D:1      | Reached XP level 1. HP: 19/19 MP: 0/0
    48 | D:1      | Found Wuzoy's Jewellery Shop.
   113 | D:1      | Reached skill level 3 in Axes
   148 | D:1      | Found Juiso's Distillery.
   246 | D:1      | Reached XP level 2. HP: 23/26 MP: 1/1
   529 | D:1      | Found Okusif's Assorted Antiques.
   534 | D:1      | Bought a scroll labelled TOZ UNICATATYT for 25 gold pieces
   534 | D:1      | Bought a scroll labelled XAXIHE YX LUCU for 25 gold pieces
   534 | D:1      | Bought a scroll labelled XUIFIUSMOLE for 25 gold pieces
   718 | D:2      | Found a blossoming altar of Fedhas.
   848 | D:2      | Reached skill level 4 in Axes
   972 | D:2      | HP: 1/26 [orc wizard/+0 dagger (1)]
   973 | D:2      | Succumbed to an orc's poison

Illustrated notes

Levels and vault maps discovered:
D:1:      saegor_arrival_simple_d, layout_loops_ring, serial_shops, shop,
          nicolae_shop_statue_plus, shop, st_stairs_8
D:2:      layout_basic, basic_altar

Skill      XL: |  1  2 |
---------------+-------+-----
Axes           | 3 4 |  4.2
Fighting       | |  3.6
Armour         | |  3.6
Shields        | |  3.6

Action                     || total
---------------------------++-------
  Melee: War axe           ||    37
         Headbutt          ||     1
 Armour: Scale mail        ||    24
  Dodge: Dodged            ||    15
  Block: Buckler           ||     9
